Cogmind - Beta 14 @@@ ROGUE MODE // 2024.11.08 @ 00:01:09 Player: MrMistersen Result: Destroyed by P5-DE0(R) with Subdweller Machine Gun Performance ------------- Evolutions (0) 0 Regions Visited (2) 400 Robots Destroyed (11) 55 Value Destroyed (298) 298 Prototype IDs (2) 40 Alien Tech Used (0) 0 Bonus (0) 0 TOTAL SCORE: 793 Bonus ------- None Cogmind --------- Core Integrity 0/250 Matter 212/300 Energy 200/200 System Corruption 0% Temperature Cool (0) Movement Rolling (129) Ox2 Location -10/Subcaves Parts ------- > --- POWER (1) -------- Subdweller Power Source > --- PROPULSION (2) --- Compact Wheel Subdweller Monowheel > --- UTILITY (2) ------ Disposable Heat Sink Huge Storage Unit > --- WEAPON (2) ------- Subdweller Beam Cannon Light Assault Rifle > --- INVENTORY (25) --- Ion Engine Wheel Compact Wheel Compact Wheel Compact Wheel Compact Wheel Improved Heat Sink Sensor Array Signal Interpreter Scrap Shield Fragment (33) SUBCON Basin (Full) Peak State ------------ > --- POWER ------------ Subdweller Power Source > --- PROPULSION ------- Compact Wheel Subdweller Monowheel > --- UTILITY ---------- Disposable Heat Sink Huge Storage Unit > --- WEAPON ----------- Subdweller Beam Cannon Light Assault Rifle > --- INVENTORY -------- Ion Engine Wheel Compact Wheel Compact Wheel Compact Wheel Compact Wheel Improved Heat Sink Sensor Array Signal Interpreter Scrap Shield Fragment SUBCON Basin [Rating: 30] Favorites ----------- Power Ion Engine Engine Ion Engine Propulsion Hover Unit Wheel Compact Wheel Hover Unit Hover Unit Utility Huge Storage Unit Device Sensor Array Storage Huge Storage Unit Processor Targeting Computer Weapon Light Assault Rifle Energy Gun Medium Laser Energy Cannon Subdweller Beam Cannon Ballistic Gun Light Assault Rifle Build | -11 -10 -10 ------- Run | Yrd Mat Sub Slots Evolved . | . . . Power . | . . . Propulsion . | . . . Utility . | . . . Weapon . | . . . Parts Attached 24 | 6 9 9 Power 3 | 1 1 1 Engine 3 | 1 1 1 Core . | . . . Reactor . | . . . Propulsion 9 | 2 3 4 Treads . | . . . Leg . | . . . Wheel 6 | 2 1 3 Hover 3 | . 2 1 Flight . | . . . Utility 7 | 1 4 2 Device 3 | . 2 1 Storage 3 | 1 1 1 Processor 1 | . 1 . Hackware . | . . . Protection . | . . . Artifact . | . . . Weapon 5 | 2 1 2 Energy Gun 2 | 2 . . Energy Cannon 1 | . . 1 Ballistic Gun 2 | . 1 1 Ballistic Cannon . | . . . Launcher . | . . . Special Weapon . | . . . Impact Weapon . | . . . Slashing Weapon . | . . . Piercing Weapon . | . . . Special Melee Weapon . | . . . Unidentified Prototypes . | . . . Parts Lost 8 | . 5 3 Power 2 | . 1 1 Propulsion 3 | . 2 1 Utility 1 | . . 1 Weapon 2 | . 2 . Highest Loss Streak 2 | . 2 2 To Critical Strikes . | . . . Average Slot Usage (%) 66 | . 87 57 Engine 7 | . 13 4 Wheel 6 | . 8 5 Hover 18 | . 19 18 Device 1 | . 4 . Storage 12 | . 9 14 Processor 7 | . 13 4 Energy Gun 2 | . 8 . Ballistic Gun 10 | . 9 10 Peak Build Rating 30 | 6 9 30 Average Rating 6 | 3 7 6 On Entrance 4 | . 6 7 Naked Turns . | . . . Heaviest Build 95 | 12 86 95 Greatest Support 36 | 20 20 36 Greatest Overweight (x) 13 | . 7 13 Average Overweight (x) 5 | . 2 8 Largest Inventory Capacity 25 | 8 25 25 Average Capacity 22 | 6 18 24 Most Carried 25 | 5 10 25 Average Carried 9 | 2 7 10 Final Capacity 25 | 8 25 25 Final Carried 25 | 1 10 25 Class Distribution -------------------- 98% | Mutant Dominant Class ---------------- Mutant | -10/Materials Mutant | -10/Subcaves Resources | -11 -10 -10 ----------- Run | Yrd Mat Sub Matter Collected 387 | 172 82 133 Remotely . | . . . Salvage Created 499 | . 305 194 Parts 30 | . 21 9 Haulers Intercepted . | . . . Recyclers Shooed . | . . . Parts Field Recycled . | . . . Retrieved Matter . | . . . Parts Self-Destructed . | . . . Prevented . | . . . Kills | -11 -10 -10 ------- Run | Yrd Mat Sub Combat Hostiles Destroyed 9 | . 8 1 Guns 8 | . 7 1 Classes Destroyed 4 | . 3 1 Watcher 2 | . 2 . Swarmer 3 | . 3 . Grunt 5 | . 5 . Subdweller 1 | . . 1 Best Kill Streak 5 | . 5 1 Combat Bots Only 4 | . 4 1 Max Kills in Single Turn 1 | . 1 1 Gunslinging . | . . . Exploded . | . . . Melee . | . . . Uniques/NPCs Destroyed . | . . . Combat | -11 -10 -10 -------- Run | Yrd Mat Sub Hostile Shots Fired 66 | . 57 9 Missed 14 | . 13 1 Damage Taken 797 | . 559 238 Core 264 | . 142 122 Absorbed by Shields . | . . . Regen/Repaired (Parts) 12 | . 12 . Core Remaining (%) 100 | 100 . . Volleys Fired 101 | . 47 54 Largest 2 | . 2 1 Hottest 100 | . 100 20 Shots Fired 127 | . 73 54 Gun 127 | . 73 54 Cannon . | . . . Launcher . | . . . Special . | . . . Kinetic 75 | . 21 54 Thermal 52 | . 52 . Explosive . | . . . Electromagnetic . | . . . Robot Hit Streak 17 | . 7 17 Robot Miss Streak 4 | . 4 2 Penetration Max . | . . . Secondary Targets 2 | . 2 . Max Gunslinging Chain 1 | . 1 . Shots Hit Robots 84 | . 44 40 Core Hits 28 | . 17 11 Critical Kills . | . . . Critical Parts Destroyed . | . . . Critical Strikes 3 | . 3 . Burn 3 | . 3 . Melee Attacks . | . . . Impact . | . . . Slashing . | . . . Piercing . | . . . Sneak Attacks . | . . . Combat Hostiles . | . . . Follow-up Attacks . | . . . Damage Inflicted 797 | . 473 324 Guns 797 | . 473 324 Cannons . | . . . Explosions . | . . . Melee . | . . . Ramming . | . . . Kinetic 457 | . 133 324 Thermal 340 | . 340 . Explosive . | . . . Electromagnetic . | . . . Impact . | . . . Slashing . | . . . Piercing . | . . . Highest Corruption . | . . . Average Corruption . | . . . Corruption Purged . | . . . Corruption Blocked . | . . . Overload Shots . | . . . Overflow Damage . | . . . Projectiles . | . . . Explosions . | . . . Melee . | . . . Knockbacks . | . . . Impact . | . . . Kinetic . | . . . Secondary . | . . . Self-Inflicted Damage . | . . . Shots . | . . . Rammed . | . . . Targets Rammed . | . . . Kicked . | . . . Crushed . | . . . Highest Temperature 415 | . 415 . Average Temperature 132 | . 132 . Received Heat Transfer 285 | . 285 . Siege Activations . | . . . Robots Corrupted . | . . . Combat Hostiles . | . . . Parts Fried . | . . . Impact Corruptions . | . . . Robots Melted 1 | . 1 . Combat Hostiles 1 | . 1 . Parts Melted 7 | . 7 . Heat Transferred 1221 | . 1221 . Parts Sabotaged . | . . . Parts Stolen . | . . . Parts Stripped . | . . . Power Chain Reactions . | . . . Alert | -11 -10 -10 ------- Run | Yrd Mat Sub Peak Influence 132 | . 132 . Initial . | . . . Average 32 | . 32 . Maximum Alert Level . | . . . Low Security (%) 100 | 100 100 . Level 1 . | . . . Level 2 . | . . . Level 3 . | . . . Level 4 . | . . . Level 5 . | . . . High Security . | . . . Max Security . | . . . Squads Dispatched 1 | . 1 . Investigation . | . . . Extermination . | . . . Reinforcement 1 | . 1 . Assault . | . . . Garrison . | . . . Intercept . | . . . Searches Triggered . | . . . Construction Impeded . | . . . Haulers Reinforced . | . . . Active Scanning Responses . | . . . Cargo Convoy Interrupts . | . . . Stealth | -11 -10 -10 --------- Run | Yrd Mat Sub Distress Signals 2 | . 2 . Communications Jammed . | . . . Distress Signals . | . . . Times Spotted 17 | . 15 2 Peak Tracking Total 3 | . 3 1 Tactical Retreats . | . . . Traps | -11 -10 -10 ------- Run | Yrd Mat Sub Traps Triggered 1 | . . 1 Indirectly . | . . . Trap Hack Attempts . | . . . Triggered . | . . . Disarmed . | . . . Reprogrammed . | . . . Reused . | . . . Traps Extracted . | . . . Installed . | . . . Triggered . | . . . Machines | -11 -10 -10 ---------- Run | Yrd Mat Sub Machines Disabled . | . . . Max in Single Turn . | . . . Machines Repaired . | . . . Machines Dismantled . | . . . Machines Sabotaged . | . . . Overloaded Fab Kills . | . . . Hacking | -11 -10 -10 --------- Run | Yrd Mat Sub Machines Accessed 7 | . 5 2 Terminals 2 | . 2 . Fabricators . | . . . Repair Stations 1 | . 1 . Recycling Units 2 | . 2 . Scanalyzers . | . . . Garrison Access . | . . . Total Hacks 17 | . 14 3 Successful 13 | . 10 3 Failed 4 | . 4 . Catastrophic . | . . . Database Lockouts . | . . . Manual . | . . . Terminals 4 | . 4 . Fabricators . | . . . Repair Stations 5 | . 5 . Recycling Units 5 | . 5 . Scanalyzers . | . . . Garrison Access . | . . . Terminal Hacks 6 | . 3 3 Record 1 | . . 1 Prototype ID Bank 1 | . 1 . Open Door 1 | . . 1 Investigation Status 1 | . 1 . Zone Layout 1 | . 1 . Release Object 1 | . . 1 Fabricator Hacks . | . . . Repair Station Hacks 3 | . 3 . Scan Component 2 | . 2 . Repair 1 | . 1 . Recycling Unit Hacks 4 | . 4 . Report Inventory 3 | . 3 . Retrieve Components 1 | . 1 . Scanalyzer . | . . . Garrison Access Hacks . | . . . Unauthorized Hacks . | . . . Terminals . | . . . Fabricators . | . . . Repair Stations . | . . . Recycling Units . | . . . Scanalyzers . | . . . Garrison Access . | . . . Data Cores Recovered . | . . . Used . | . . . Hacking Detections 3 | . 3 . Full Trace Events . | . . . Feedback Events . | . . . Feedback Blocked . | . . . Robot Schematics Acquired . | . . . Robots Built . | . . . Authchips . | . . . Time . | . . . Total Robot Build Rating . | . . . Part Schematics Acquired . | . . . Parts Built . | . . . Authchips . | . . . Time . | . . . Total Part Build Rating . | . . . Parts Repaired 1 | . 1 . Time 26 | . 26 . Parts Recycled . | . . . Recycled Matter . | . . . Retrieved Matter . | . . . Retrieved Components 2 | . 2 . Parts Scanalyzed . | . . . Part Schematics Acquired . | . . . Parts Damaged . | . . . Bothacking | -11 -10 -10 ------------ Run | Yrd Mat Sub Used RIF Installer . | . . . Robots Hacked . | . . . Non-combat . | . . . Combat . | . . . Robot Hacks Applied . | . . . Relay Couplers Released . | . . . Fabnet Peak Effective % . | . . . Robots Rewired . | . . . Allies Hacked . | . . . Hacks Repelled . | . . . Allies | -11 -10 -10 -------- Run | Yrd Mat Sub Total Allies . | . . . Largest Group . | . . . Highest-Rated Group . | . . . Highest-Rated Ally . | . . . Total Orders . | . . . Ally Attacks . | . . . Total Damage . | . . . Kills . | . . . Allies Corrupted . | . . . Allies Melted . | . . . Intel | -11 -10 -10 ------- Run | Yrd Mat Sub Robot Analysis Total . | . . . Derelict Logs Recovered 2 | . . 2 Drone Launches . | . . . Drone Recoveries . | . . . Exploration | -11 -10 -10 ------------- Run | Yrd Mat Sub Turns Passed 5912 | 34 1808 4070 Spaces Moved 1327 | 31 626 670 Core 12 | 10 2 . Treads . | . . . Legs . | . . . Wheels 443 | 21 327 95 Hover 872 | . 297 575 Flight . | . . . Fastest Speed 50 | 50 56 129 Average Speed 404 | 70 238 575 Slowest Speed 845 | 80 476 845 Overloaded Moves . | . . . Propulsion Burnouts . | . . . Robots Hopped . | . . . Cave-ins Triggered . | . . . Exploration Rate (%) 42 | 3 84 41 Regions Visited 2 Branch Regions 1 Pre-discovered Areas 1 | . . 1 Known Exits Taken . | . . . Unknown Exits Taken 2 | 1 1 . Scrap Searched . | . . . Spaces Dug . | . . . Terrain Destroyed . | . . . Melee . | . . . Projectile . | . . . AOE . | . . . Terrain Rammed . | . . . Walls Destroyed . | . . . Machines Disabled . | . . . Actions | -11 -10 -10 --------- Run | Yrd Mat Sub Total 1755 | 41 873 841 Wait 267 | . 175 92 Move 1325 | 30 625 670 Hop . | . . . Pick Up 31 | 5 15 11 Fast Attach 7 | 2 2 3 Attach 13 | 4 4 5 Detach . | . . . Swap 4 | . 3 1 Drop 7 | . 2 5 Fire 101 | . 47 54 Melee . | . . . Ram . | . . . Kick . | . . . Crush . | . . . Escape Stasis . | . . . Rewire . | . . . Trap . | . . . Miscellaneous . | . . . Route ------- -11/Scrapyard -10/Materials (discovered 6 exits: [*Mat x3] / [*Min x2] / *Sub) -10/Subcaves History --------- Turn | Location | Event 20 | -11/Scrapyard | Discovered new exit (range 16) 35 | -11/Scrapyard | Entered Materials 162 | -10/Materials | Discovered new exit (range 15) 234 | -10/Materials | Discovered new exit (range 16) 312 | -10/Materials | Build established: Mutant 454 | -10/Materials | Discovered new exit (range 8) 497 | -10/Materials | Repaired Wheel 595 | -10/Materials | Core integrity fell below 50% 699 | -10/Materials | Discovered new exit (range 6) 1033 | -10/Materials | Discovered new exit (range 9) 1328 | -10/Materials | Discovered new exit (range 16) 1843 | -10/Materials | Entered Subcaves 1843 | -10/Subcaves | Learned Materials emergency access door positions 3233 | -10/Subcaves | Core integrity fell below 20% 5701 | -10/Subcaves | Found SUBCON Basin 5905 | -10/Subcaves | Learned location of Mines (-9) 5913 | -10/Subcaves | Destroyed by P5-DE0(R) with Subdweller Machine Gun Last Messages --------------- 05803_ QE-U9G(R) destroyed. 05808_ Subatomizers dissect the Disposable Heat Sink. 05826_ SS-7K9(R) destroyed. 05829_ Acquired Sub. Power Source. 05834_ Subatomizers dissect the Disposable Heat Sink. 05834_ Acquired Sub. Monowheel. 05847_ Subatomizers dissect the Disposable Heat Sink. 05860_ Subatomizers dissect the Sub. Power Source. 05861_ GF-ZIM(R) destroyed. 05863_ Acquired 47 matter. 05866_ Acquired Sub. Beam Cannon. 05875_ Acquired Disposable Heat Sink. 05885_ Subatomizers dissect the Sub. Power Source. 05905_ Acquired derelict log, extracted data. World map updated: -9/Mines. Map ----- +----------------------------------------------------+ | ????????????????????????????????????????? | | ????????????????????????????????????????? | | ????????????????????????????????????????? | | ????????????????????????????????????????? | | ????????????????????????????????????????? | | ????????????????????????????????????????? | | ????????????????????????????????????????? | | ????????????????????????????????????????? | | ????????????????????????????????????????? | | ????????????????????????????????????????? | | ????????????????????????????????????????? | | ????????????????????????????????????????? | | ????????????????????????????????????????? | | ????????????????????????????????????????? | | ????????????????????#???????????????????? | | ??????????????????## ???????????????????? | | ?????????????????? ????????????????????? | | ?????????????????? ????????????????????? | | ?????????????????? ????????????????????? | | ????????????????## #????????????????????? | | ???????????????## ##???????????????????? | | ???????????????? ????????????????????? | | ???????????????? #????????????????????? | | ????????????????# #####????????????????? | | ??????????#??#### # #### ????????? | | ?????????##$?# @ #???????? | | ?????????# &"##